Map: Temple gelé

Players

Mainster - Winner!

  • Race: Terran Terran
  • League: Silver
  • Spawn Location: 5:00

zidar

  • Race: Zerg Zerg
  • League: Gold
  • Spawn Location: 11:00

VOD

Have the link to the VOD?

Description

Time

  • Played on: May 30, 2016, 9:36 a.m.
  • Length: 6:02
Show
View Real Time Build Order
Export as new Build Order

Mainster Terran - Winner!

Build Orders: Reaper Expand 

Get SALT Encoding   

  12  0:01  SCV  
  13  0:13  SCV  
  14  0:19  Supply Depot  
  14  0:25  SCV  
  15  0:41  Barracks, SCV  
  16  0:48  Refinery  
  16  0:53  SCV  
  17  1:05  SCV  
  18  1:17  SCV  
  19  1:30  Orbital Command  
  19  1:31  Reaper  
  20  1:47  Command Center  
  20  1:58  SCV  
  21  2:06  Barracks Reactor  
  21  2:14  SCV  
  22  2:20  Supply Depot  
  22  2:23  Barracks  
  22  2:26  SCV  
  23  2:41  SCV  
  23  2:42  Marine x2  
  26  2:47  Factory  
  26  2:54  SCV  
  27  3:00  Marine x2  
  27  3:01  Orbital Command  
  29  3:09  SCV  
  30  3:15  Marine  
  30  3:18  Bunker  
  30  3:19  Marine x2  
  32  3:21  SCV  
  32  3:25  Refinery  
  34  3:30  Engineering Bay  
  34  3:31  Engineering Bay  
  34  3:32  Marine  
  35  3:38  Marine  
  36  3:42  SCV x2  
  36  3:46  Factory Tech Lab  
  38  3:48  Starport  
  38  3:52  Marine  
  38  3:54  Marine  
  40  3:55  Marine  
  40  3:57  SCV x2  
  43  4:03  Terran Infantry Weapons Level 1  
  43  4:07  Refinery  
  43  4:10  Marine, SCV  
  43  4:11  SCV  
  45  4:19  Marine  
  46  4:27  Supply Depot  
  46  4:30  Supply Depot  
  46  4:36  Bunker  
  46  4:48  Marine x3, SCV x2  
  52  4:56  Widow Mine  
  48  5:00  SCV x2  
  48  5:06  Marine x3  
  52  5:08  Medivac  
  52  5:12  SCV x2  
  55  5:23  Marine x3  
  55  5:24  SCV x2  
  55  5:25  Siege Tank  
  61  5:37  Armory  
  61  5:41  Marine  
  61  5:42  Barracks, Supply Depot  
  62  6:00  Barracks Tech Lab  
Show
View Real Time Build Order
Export as new Build Order

zidar Zerg 

Build Orders: Hatch First 

Get SALT Encoding   

  12  0:01  Drone  
  13  0:12  Overlord  
  13  0:17  Drone  
  14  0:30  Drone x2  
  14  0:34  Drone  
  17  0:55  Hatchery  
  17  0:57  Drone  
  17  1:01  Drone  
  18  1:08  Overlord  
  18  1:22  Spawning Pool  
  17  1:27  Extractor, Drone  
  17  1:31  Drone  
  18  1:46  Drone  
  19  1:57  Drone  
  20  2:03  Drone  
  20  2:10  Zergling x2  
  20  2:12  Queen  
  20  2:13  Queen  
  25  2:15  Zergling x2  
  26  2:28  Roach Warren  
  25  2:31  Zergling x2  
  25  2:32  Metabolic Boost  
  26  2:42  Drone x3  
  29  2:45  Drone  
  29  2:49  Drone  
  31  3:16  Roach x2  
  31  3:19  Overlord x2  
  35  3:32  Zergling x2  
  36  3:39  Roach x5  
  46  3:43  Zergling x2  
  46  3:44  Zergling x2  
  48  4:02  Ravager  
  31  5:11  Zergling x8  
  31  5:12  Zergling x18  
  41  5:23  Roach  
  41  5:27  Overlord  
  43  5:40  Overlord  
  43  5:41  Overlord  
  33  5:57  Hatchery  
Tags
 
Add a new tag
Caveats
  • Supply blocks, unpowered buildings, or Contaminate may cause inaccurate times.
  • Supply counts are checked every 10 seconds.